 Dungeon Crawl Stone Soup version 0.30-a0-715-gdb4ae3ece1 (webtiles) character file.

Game seed: 5155664583309794571

1618 Darius099 the Grappler (level 8, -9/74 HPs)
             Began as a Troll Monk on Jan 24, 2023.
             Mangled by a gnoll sergeant
             ... wielding a +0 vampiric trident
              (15 damage)
             ... on level 6 of the Dungeon.
             The game lasted 00:10:38 (4509 turns).

Darius099 the Grappler (Troll Monk)                 Turns: 4509, Time: 00:10:39

Health: -9/74      AC:  0    Str: 20    XL:     8   Next: 64%
Magic:  7/7        EV: 12    Int:  6    God:
Gold:   240        SH:  0    Dex: 14    Spells: 7/7 levels left

rFire   + . .      SeeInvis +      - Unarmed
rCold   . . .      Faith    +    (no shield)
rNeg    + . .      Spirit   .    p - +0 robe {rN+}
rPois   .          Reflect  .    (helmet restricted)
rElec   .          Harm     .    (no cloak)
rCorr   .          Rampage  .    (gloves unavailable)
Will    .....                    (boots unavailable)
Stlth   ++                       e - amulet of faith
HPRegen 1.12/turn                k - ring of see invisible
MPRegen 0.10/turn                m - ring of protection from fire

@: corroded
A: large, unfitting armour, claws 3, regeneration 1, shaggy fur 1, tough skin 1
a: no special abilities


You were on level 6 of the Dungeon.
You visited 1 branch of the dungeon, and saw 6 of its levels.

You collected 240 gold pieces.

Inventory:

Armour
 p - a +0 robe of positive energy (worn)
 q - a +0 kite shield
Jewellery
 e - an amulet of faith (around neck)
 k - a ring of see invisible (left claw)
 m - a ring of protection from fire (right claw)
 n - an amulet of magic regeneration
Wands
 b - a wand of mindburst (14)
Scrolls
 a - 2 scrolls of noise {unknown}
 c - a scroll of magic mapping {unknown}
 d - a scroll of immolation {unknown}
 f - a scroll of enchant armour {unknown}
 g - a scroll of amnesia {unknown}
 l - 4 scrolls of identify
 r - 2 scrolls of teleportation {unknown}
 t - 2 scrolls of fear {unknown}
 u - 3 scrolls of enchant weapon {unknown}
 w - a scroll of poison {unknown}
Potions
 h - a potion of berserk rage {unknown}
 i - 2 potions of might
 j - 4 potions of curing {unknown}
 o - 2 potions of mutation {unknown}
 s - a potion of degeneration {unknown}
 v - a potion of heal wounds


   Skills:
 - Level 2.7 Fighting
 + Level 6.8 Dodging
 - Level 1.3 Stealth
 + Level 8.2 Unarmed Combat


You had 7 spell levels left.
You didn't know any spells.
Your spell library contained the following spells:

 Spells                   Type           Power      Damage    Failure   Level
 Necrotise                Necr           0%         1d4       45%         1
 Blink                    Tloc           0%         N/A       58%         2
 Lesser Beckoning         Tloc           0%         N/A       58%         2
 Momentum Strike          Conj/Tloc      0%         3d8       58%         2
 Dazzling Flash           Conj/Hex       0%         N/A       83%         3
 Vampiric Draining        Necr           0%         2d6       83%         3
 Iskenderun's Mystic Bla  Conj/Tloc      0%         2d3       99%         4
 Agony                    Necr           0%         N/A       100%        5
 Starburst                Conj/Fire      0%         6d3       100%        6


Dungeon Overview and Level Annotations

Branches:
Dungeon (6/15)
 Temple: D:4-7

Altars:
Fedhas
Hepliaklqana
Sif Muna
Xom
Yredelemnul


Innate Abilities, Weirdness & Mutations

You are too large for most types of armour.
You have claws for hands.
Your natural rate of healing is unusually fast.
You are covered in fur. (AC +1)
You have tough skin. (AC +1)


Message History

The gnoll sergeant misses you.
You claw the white imp!
You kill the white imp!
The gnoll sergeant misses you.
The gnoll sergeant hits you with a +0 vampiric trident!
There is an open door, spattered with blood here.
You see here an adder corpse.
You claw the gnoll sergeant!
The gnoll sergeant is moderately wounded.
You scratch the gnoll sergeant.
The gnoll sergeant is heavily wounded.
The gnoll sergeant completely misses you.
You scratch the gnoll sergeant.
The gnoll sergeant is heavily wounded.
The gnoll sergeant barely misses you.
You barely miss the gnoll sergeant.
The gnoll sergeant is heavily wounded.
The gnoll sergeant hits you with a +0 vampiric trident!
You scratch the gnoll sergeant but do no damage.
The gnoll sergeant is heavily wounded.
The gnoll sergeant closely misses you.
You barely miss the gnoll sergeant.
The gnoll sergeant is heavily wounded.
You scratch the gnoll sergeant.
The gnoll sergeant is severely wounded.
An acid dragon comes into view.
The gnoll sergeant hits you with a +0 vampiric trident!
The gnoll sergeant draws strength from your wounds!
You barely miss the gnoll sergeant.
The gnoll sergeant is severely wounded.
The gnoll sergeant hits you with a +0 vampiric trident.
* * * LOW HITPOINT WARNING * * *
You scratch the gnoll sergeant but do no damage.
The gnoll sergeant is severely wounded.
The acid dragon spits acid at you. The splash of acid hits you!
* * * LOW HITPOINT WARNING * * *
The acid corrodes you!
The gnoll sergeant hits you with a +0 vampiric trident!
You die...

###.#.####.######
##.....#.#.(..#######+
##.##.....####.....$.
#.####.##### .......
#..........# .......
##########.##.......
#..#.......
##.#g...... #.@......≈
###.....D. .....!.
.....$. .......
....... ......$
######+


You could see an acid dragon (catching breath) and a gnoll sergeant.

Vanquished Creatures
  The ghost of scionoferis the Chiller, an amateur DgIE (D:5)
  An ice beast (D:6)
  A black bear (D:6)
  An ogre (D:5)
  2 phantoms
  A kobold brigand (D:5)
  2 bullfrogs (D:6)
  2 scorpions (D:5)
  A jelly (D:5)
  5 orc priests
  2 hounds
  2 iguanas
  7 orc wizards
  2 gnolls
  6 adders
  A white imp (D:6)
  An ufetubus (D:5)
  2 worms (D:3)
  5 dart slugs
  29 orcs
  12 ball pythons
  9 bats
  5 endoplasms
  3 giant cockroaches
  4 goblins
  14 hobgoblins
  4 quokkas
  4 frilled lizards
  11 kobolds
  8 rats
148 creatures vanquished.

Notes
Turn   | Place    | Note
-------+----------+-------------------------------------------
     0 | D:1      | Darius099 the Troll Monk began the quest for the Orb.
     0 | D:1      | Reached XP level 1. HP: 22/22 MP: 0/0
    84 | D:1      | Reached XP level 2. HP: 23/29 MP: 1/1
   176 | D:1      | Reached XP level 3. HP: 36/36 MP: 2/2
   620 | D:1      | Found a faded altar of an unknown god.
   897 | D:2      | Reached XP level 4. HP: 34/44 MP: 3/3
  1495 | D:3      | Reached skill level 4 in Unarmed Combat
  1780 | D:3      | Found a hazy altar of Hepliaklqana.
  2001 | D:3      | Reached XP level 5. HP: 6/50 MP: 4/4
  2155 | D:3      | Found a basalt altar of Yredelemnul.
  2165 | D:3      | Found a shimmering blue altar of Sif Muna.
  2424 | D:4      | Noticed a phantom
  2439 | D:4      | Reached skill level 5 in Unarmed Combat
  2439 | D:4      | Reached XP level 6. HP: 48/59 MP: 5/5
  2628 | D:4      | Found a shimmering altar of Xom.
  3248 | D:5      | Entered Level 5 of the Dungeon
  3258 | D:5      | Found a runed translucent gate.
  3264 | D:5      | Reached XP level 7. HP: 59/66 MP: 6/6
  3290 | D:5      | Reached skill level 6 in Unarmed Combat
  3294 | D:5      | Reached skill level 5 in Dodging
  3465 | D:5      | HP: 2/66 [ogre/+0 giant spiked club (25)]
  3477 | D:5      | HP: 2/66 [orc/+2 hand axe of freezing (3)]
  3998 | D:5      | Found a blossoming altar of Fedhas.
  4056 | D:5      | Found a runed translucent gate.
  4056 | D:5      | Found a runed translucent gate.
  4056 | D:5      | Noticed scionoferis's ghost (amateur DgIE)
  4129 | D:5      | Reached skill level 7 in Unarmed Combat
  4149 | D:5      | Reached XP level 8. HP: 74/74 MP: 7/7
  4239 | D:5      | Killed scionoferis's ghost
  4492 | D:6      | Reached skill level 8 in Unarmed Combat
  4509 | D:6      | Mangled by a gnoll sergeant

Illustrated notes

Levels and vault maps discovered:
D:1:      grunt_arrival_lava_bath, layout_loops_ring,
          shapermc_ecumenical_altar_petra, st_stairs_14
D:2:      layout_loops_ring
D:3:      minmay_recursive_quarters, layout_loops_corners,
          mainiacjoe_overflow_chevrons, minitemple
D:4:      layout_basic, marbit_many_paths
D:5:      layout_loops_corners, fedhas_altar_2, ebering_ghost_rock_garden,
          hangedman_decor_riveting
D:6:      layout_loops_cross, kennysheep_generic_room_16

Skill      XL: |  1  2  3  4  5  6  7  8 |
---------------+-------------------------+-----
Dodging        | 3 4 5 6 |  6.8
Unarmed Combat | 4 5 7 8 |  8.2
Fighting       | |  2.7
Stealth        | |  1.3

Action                     |  1- 3 |  4- 6 |  7- 9 || total
---------------------------+-------+-------+-------++-------
  Melee: Unarmed           |    96 |   177 |   128 ||   401
         Punch             |     1 |    13 |     5 ||    19
    Use: Scroll            |       |     2 |       ||     2
         Potion            |       |       |     3 ||     3
   Stab: Sleeping          |     3 |     3 |       ||     6
 Armour: Robe              |    28 |    41 |    30 ||    99
  Dodge: Dodged            |    44 |    70 |    72 ||   186

Table legend: (Time is in decaauts)
 A = Elapsed time spent in this place.
 B = Non-inter-level travel time spent in this place.
 C = Inter-level travel time spent in this place.
 D = Time resting spent in this place.
 E = Time spent auto-exploring this place.
 F = Levels seen in this place.
 G = Mean time per level.
                   A        B        C        D        E       F      G
               +--------+--------+--------+--------+--------+-----+--------+
         Total |   4468 |   4299 |    169 |    101 |   3029 |   6 |  744.7 |
       Dungeon |   4468 |   4299 |    169 |    101 |   3029 |   6 |  744.7 |
               +--------+--------+--------+--------+--------+-----+--------+

Top non-repeatable levels by time:
     D:5: 1047 daAuts
     D:3: 1045 daAuts
     D:4: 841 daAuts
     D:1: 714 daAuts
     D:2: 623 daAuts
     D:6: 195 daAuts
